 Dungeon Crawl Stone Soup version 0.26.0-3-g156281e41b (webtiles) character file.

Game seed: 14238671569309421284

975 trckry the Torchbearer (level 7, -1/55 HPs)
             Began as a Demonspawn Wanderer on Jan 10, 2021.
             Was a Follower of Yredelemnul.
             Slain by an ogre
             ... wielding a +0 giant club
              (10 damage)
             ... on level 5 of the Dungeon.
             The game lasted 00:12:12 (4304 turns).

trckry the Torchbearer (Demonspawn Wanderer)        Turns: 4304, Time: 00:12:12

Health: -1/55      AC: 13    Str: 16    XL:     7   Next: 95%
Magic:  0/10       EV:  5    Int: 11    God:    Yredelemnul [*.....]
Gold:   307        SH:  0    Dex: 13    Spells: 6/6 levels left

rFire    . . .     SeeInvis .   a - +2 quarterstaff
rCold    . . .     Faith    .   (shield currently unavailable)
rNeg     . . .     Spirit   +   y - +0 plate armour
rPois    .         Reflect  .   (no helmet)
rElec    .         Harm     .   m - scarf {repulsion}
rCorr    .         Rampage  .   p - +0 pair of gloves
Will     .....                  b - +0 pair of boots
Stlth    ..........             (no amulet)
HPRegen  0.18/turn              (no ring)
MPRegen  0.12/turn              (no ring)

@: repel missiles
A: claws 1, talons 2, powered by death 1, magic shield
a: Renounce Religion, Animate Remains


You were on level 5 of the Dungeon.
You worshipped Yredelemnul.
Yredelemnul was aware of your devotion.
You visited 1 branch of the dungeon, and saw 5 of its levels.

You collected 307 gold pieces.

Inventory:

Hand Weapons
 a - a +2 quarterstaff (weapon)
 u - a +0 flail
Missiles
 e - 9 silver boomerangs (quivered)
 q - 24 poisoned darts
Armour
 b - a +0 pair of boots (worn)
 m - a scarf of repulsion (worn)
 p - a +0 pair of gloves (worn)
 y - a +0 plate armour (worn)
Jewellery
 r - an uncursed amulet of guardian spirit {unknown}
Wands
 s - a wand of random effects (19)
Scrolls
 c - 2 scrolls of noise {unknown}
 d - 6 scrolls of teleportation
 f - 2 scrolls of amnesia {unknown}
 g - 4 scrolls of remove curse {unknown}
 i - 12 scrolls of identify {unknown}
 k - a scroll of enchant weapon {unknown}
 o - a scroll of blinking {unknown}
 w - a scroll of immolation {unknown}
Potions
 h - 3 potions of curing {unknown}
 j - 2 potions of degeneration {unknown}
 l - a potion of heal wounds {unknown}
 n - 2 potions of brilliance {unknown}
 t - a potion of attraction {unknown}
 v - a potion of haste {unknown}
 x - a potion of berserk rage {unknown}


   Skills:
 + Level 4.9 Fighting
 - Level 2.8(2.9) Maces & Flails
 - Level 1.0(2.0) Staves
 - Level 1.0 Bows
 + Level 2.5 Throwing
 + Level 2.6 Armour
 + Level 2.2 Dodging
 - Level 1.0 Stealth
 + Level 2.5 Shields
 * Level 1.5 Unarmed Combat
 * Level 5.1 Invocations
 + Level 2.8 Evocations


You had 6 spell levels left.
You didn't know any spells.
Your spell library was empty.

Dungeon Overview and Level Annotations

Branches:
Dungeon (5/15)
 Temple: D:4-7

Altars:
Ashenzari
Elyvilon
Hepliaklqana
Kikubaaqudgha
Ru
Uskayaw
Vehumet
Yredelemnul

Annotations:
D:3 2 runed translucent doors, archon2's ghost, amateur OpCj


Innate Abilities, Weirdness & Mutations

You have sharp fingernails.
You have razor-sharp toenails.
You regenerate a little health from kills.
When hurt, damage is shared between your health and your magic reserves.


Message History

You hit the ogre.
The ogre is severely wounded.
The ogre barely misses you.
You closely miss the ogre.
The ogre is severely wounded.
The ogre hits you with a +0 giant club!!
You hit the ogre.
The ogre is severely wounded.
The ogre barely misses you.
You hit the ogre.
The ogre is almost dead.
You barely miss the ogre.
The ogre is almost dead.
The ogre hits you with a +0 giant club!
* * * LOW HITPOINT WARNING * * *
You hit the ogre.
The ogre is almost dead.
The ogre hits you with a +0 giant club!
You die...
Your body rises from the dead as a mindless zombie.

..#.....#....#...... ...
...........##...... ...
##............#.... ....
#.............#.... ....
#..................
._...#..................
.....#......)..$......#
...........#...#......#
......<)...#...#@.....#
.#....##.#.+...+O.....+
#.......###...#......#
####..... #####......#
....... .........
.......# ......###
#........ ....... #..
..... .........


You could see an ogre.

Vanquished Creatures
  Prince Ribbit (D:4)
  An ice beast (D:4)
  A phantom (D:4)
  4 orc priests
  Ijyb (D:3)
  2 iguanas (D:4)
  5 orc wizards
  3 worker ants (D:4)
  3 gnolls
  6 adders
  A white imp (D:2)
  An adder skeleton (D:5)
  4 worms
  A dart slug (D:2)
  A leopard gecko (D:4)
  14 orcs
  8 giant cockroaches
  6 hobgoblins
  15 jackals
  2 quokkas
  A ball python skeleton (D:4)
  7 bats
  2 frilled lizards
  8 goblins
  10 kobolds
  9 rats
117 creatures vanquished.

Vanquished Creatures (others)
  A gnoll sergeant (D:5)
  2 adders (D:5)
3 creatures vanquished.

Grand Total: 120 creatures vanquished

Notes
Turn   | Place    | Note
-------+----------+-------------------------------------------
     0 | D:1      | trckry the Demonspawn Wanderer began the quest for the Orb.
     0 | D:1      | trckry set off with the following items: a +2 quarterstaff,
                  | a +0 shortbow, 20 arrows, a scroll of teleportation, a +0
                  | robe
     0 | D:1      | Reached XP level 1. HP: 19/19 MP: 1/1
   389 | D:1      | Gained mutation: You regenerate a little health from kills.
                  | [demonic ancestry]
   389 | D:1      | Reached XP level 2. HP: 25/25 MP: 2/2
   472 | D:1      | Reached skill level 1 in Invocations
  1002 | D:2      | Gained mutation: When hurt, damage is shared between your
                  | health and your magic reserves. [demonic ancestry]
  1002 | D:2      | Reached XP level 3. HP: 18/30 MP: 2/4
  1345 | D:2      | Reached skill level 1 in Maces & Flails
  1487 | D:3      | Reached skill level 2 in Invocations
  1565 | D:3      | Found a broken altar of Ashenzari.
  1584 | D:3      | Reached skill level 1 in Throwing
  1602 | D:3      | Gained mutation: You have sharp toenails. [demonic
                  | ancestry]
  1602 | D:3      | Reached XP level 4. HP: 37/37 MP: 5/5
  1797 | D:3      | Found a hazy altar of Hepliaklqana.
  1806 | D:3      | Found a basalt altar of Yredelemnul.
  1807 | D:3      | Noticed Ijyb
  1821 | D:3      | Killed Ijyb
  1822 | D:3      | Reached skill level 1 in Dodging
  1826 | D:3      | Found a radiant altar of Vehumet.
  1833 | D:3      | Found a white marble altar of Elyvilon.
  1868 | D:3      | Gained mutation: You have razor-sharp toenails. [demonic
                  | ancestry]
  1868 | D:3      | Reached XP level 5. HP: 31/42 MP: 4/7
  1895 | D:3      | Became a worshipper of Yredelemnul the Dark
  1987 | D:3      | Reached skill level 3 in Invocations
  2038 | D:3      | Found a large runed translucent door.
  2039 | D:3      | Found a large runed translucent door.
  2041 | D:3      | Noticed archon2's ghost (amateur OpCj)
  2267 | D:3      | Reached XP level 6. HP: 49/49 MP: 6/8
  2629 | D:4      | Found a sacrificial altar of Ru.
  2722 | D:4      | Reached * piety under Yredelemnul
  3040 | D:4      | Found an ancient bone altar of Kikubaaqudgha.
  3469 | D:4      | Noticed an ice beast
  3493 | D:4      | Killed an ice beast
  3494 | D:4      | Reached skill level 4 in Invocations
  3494 | D:4      | Gained mutation: You have sharp fingernails. [demonic
                  | ancestry]
  3494 | D:4      | Reached XP level 7. HP: 27/55 MP: 5/10
  4004 | D:5      | Entered Level 5 of the Dungeon
  4004 | D:5      | Found a hide-covered altar of Uskayaw.
  4006 | D:5      | Noticed Prince Ribbit
  4081 | D:4      | Killed Prince Ribbit
  4082 | D:4      | Reached skill level 1 in Unarmed Combat
  4082 | D:4      | Reached skill level 5 in Invocations
  4304 | D:5      | Slain by an ogre

Illustrated notes

Levels and vault maps discovered:
D:1:      saegor_arrival_simple_d, layout_rooms, minmay_door_square,
          minmay_misc_feat_diagonals
D:2:      layout_rooms
D:3:      layout_loops_cross, grunt_temple_overflow_cloverleaf,
          ebering_ghost_disaster_area, nicolae_ashenzari_panopticon, uniq_ijyb
D:4:      layout_basic, general_overflow_altar,
          nicolae_ru_great_annihilating_truth
D:5:      layout_basic, kennysheep_little_box, marbit_many_paths,
          enter_ossuary_4, basic_altar, serial_shops, shop, xom_confusion_cloud,
          uniq_prince_ribbit1, uniq_menkaure

Skill      XL: |  1  2  3  4  5  6  7 |
---------------+----------------------+-----
Invocations    | 1 2 3 4 5 |  5.1
Maces & Flails | 1 2 |  2.8
Throwing       | 1 2 |  2.5
Dodging        | 1 2 |  2.2
Evocations     | 2 |  2.8
Shields        | 2 |  2.5
Armour         | 2 |  2.6
Unarmed Combat | 1 |  1.5
Fighting       | |  4.9
Staves         | |  1.0
Bows           | |  1.0
Stealth        | |  1.0

Action                   |  1- 3 |  4- 6 |  7- 9 || total
-------------------------+-------+-------+-------++-------
Melee: Quarterstaff      |    89 |   255 |    91 ||   435
Throw: Dart              |       |     1 |       ||     1
       Boomerang         |       |       |     8 ||     8
 Stab: Sleeping          |     3 |       |       ||     3
       Invisible         |       |     1 |       ||     1
Armor: Robe              |     4 |       |       ||     4
       Ring mail         |    16 |       |       ||    16
       Scale mail        |    25 |   101 |       ||   126
       Plate armour      |       |    27 |    79 ||   106
Dodge: Dodged            |    53 |   110 |    37 ||   200
       Repelled          |       |     1 |       ||     1
